 Dungeon Crawl Stone Soup version 0.29.1-15-g9cfb28693d (webtiles) character file.

Game seed: 10632878574245094075

1135 Mickster the Chopper (level 8, -2/78 HPs)
             Began as a Troll Berserker on Apr 16, 2023.
             Was a Believer of Trog.
             Slain by gugbubby's ghost (16 damage)
             ... on level 5 of the Dungeon.
             The game lasted 00:40:34 (3344 turns).

Mickster the Chopper (Troll Berserker)              Turns: 3344, Time: 00:40:34

Health: -2/78      AC:  6    Str: 28    XL:     8   Next: 14%
Magic:  0/7        EV: 10    Int:  3    God:    Trog [**....]
Gold:   147        SH:  0    Dex:  9    Spells: 7/7 levels left

rFire   . . .      SeeInvis .   o - +3 quarterstaff (chaos)
rCold   . . .      Faith    .   (shield currently unavailable)
rNeg    . . .      Spirit   +   b - +1 animal skin
rPois   .          Reflect  .   (helmet restricted)
rElec   .          Harm     .   p - +0 cloak
rCorr   +          Rampage  .   (gloves unavailable)
Will    ++...                   (boots unavailable)
Stlth   +.........              k - amulet of guardian spirit
HPRegen 2.03/turn               f - ring of resist corrosion
MPRegen 0.10/turn               (no ring)

@: strong-willed (expiring), on berserk cooldown, regenerating (expiring),
hasted and slowed
A: large, unfitting armour, claws 3, regeneration 1, shaggy fur 1, tough skin 1,
talons 1
a: Renounce Religion, Berserk, Trog's Hand


You were on level 5 of the Dungeon.
You worshipped Trog.
Trog was pleased with you.
You visited 1 branch of the dungeon, and saw 5 of its levels.

You collected 147 gold pieces.

Inventory:

Hand Weapons
 a - a +3 hand axe
 c - a +2 sling of flaming
 l - a +0 sling
 o - a +3 quarterstaff of chaos (weapon)
Missiles
 d - 8 poisoned darts (quivered)
 e - 14 stones
Armour
 b - a +1 animal skin (worn)
 p - a +0 cloak (worn)
Jewellery
 f - a ring of resist corrosion (left claw)
 k - an amulet of guardian spirit (around neck)
Wands
 h - a wand of charming (6)
 n - a wand of roots (6)
 s - a wand of light (1)
Scrolls
 q - 2 scrolls of identify
Potions
 i - a potion of invisibility
 j - a potion of flight
 m - a potion of magic


   Skills:
 + Level 3.7 Fighting
 - Level 5.7 Axes
 * Level 2.4 Staves
 * Level 2.8 Throwing
 + Level 4.0 Dodging
 + Level 0.8 Stealth


You had 7 spell levels left.
You didn't know any spells.
Your spell library was empty.

Dungeon Overview and Level Annotations

Branches:
Dungeon (5/15)
 Temple: D:4-7

Altars:
Gozag
Uskayaw

Shops:
D:5 [?

Annotations:
D:5 gugbubby's ghost, novice TrBe


Innate Abilities, Weirdness & Mutations

You are too large for most types of armour.
You have claws for hands.
Your natural rate of healing is unusually fast.
You are covered in fur. (AC +1)
You have tough skin. (AC +1)
You have sharp toenails.


Message History

Gugbubby's ghost hits you but does no damage.
You bludgeon the howler monkey!!
You kill the howler monkey!
Trog accepts your kill.
Your Dodging skill increases to level 4!
Gugbubby's ghost hits you! Gugbubby's ghost freezes you.
There is an open translucent gate, spattered with blood here.
You closely miss gugbubby's ghost. Gugbubby's ghost hits you!!
Gugbubby's ghost freezes you!
You miss gugbubby's ghost. Your kick misses gugbubby's ghost.
You closely miss gugbubby's ghost. Gugbubby's ghost hits you!
Gugbubby's ghost freezes you.
You closely miss gugbubby's ghost. Your kick misses gugbubby's ghost.
Gugbubby's ghost barely misses you.
You sock gugbubby's ghost!
Gugbubby's ghost resists with almost no effort.
You claw gugbubby's ghost.
Gugbubby's ghost is lightly damaged.
Gugbubby's ghost hits you! Gugbubby's ghost freezes you.
You sock gugbubby's ghost!
Lightning courses through gugbubby's ghost!
Gugbubby's ghost is heavily damaged.
Gugbubby's ghost hits you! Gugbubby's ghost freezes you.
You sock gugbubby's ghost! You freeze gugbubby's ghost.
You claw gugbubby's ghost.
Gugbubby's ghost is severely damaged.
You barely miss gugbubby's ghost. Your kick misses gugbubby's ghost.
Gugbubby's ghost is severely damaged.
You are no longer berserk.
You are exhausted.
You feel yourself slow down.
You feel the effects of Trog's Hand fading.
Gugbubby's ghost hits you!!
* * * LOW HITPOINT WARNING * * *
Gugbubby's ghost freezes you.
* * * LOW HITPOINT WARNING * * *
Unknown command.
You feel yourself speed up. Gugbubby's ghost barely misses you.
Gugbubby's ghost hits you!
You die...

#####..........#
#..............#
#................#
#.....########...#
#.....########...#
#.......##$8.##..#
####.#..#...$∩#..#
#.#..'.$$.8#
#....@W_8.∩#
###..'$$$.8#
#..#..$..#
#..##.8∩##
#########


You could see gugbubby's ghost.

Vanquished Creatures
  Pikel (D:4)
  A sky beast (D:4)
  An ogre (D:4)
  3 lemures
  2 necrophages (D:4)
  A scorpion (D:4)
  A howler monkey (D:5)
  A hound (D:5)
  Crazy Yiuf (D:4)
  2 orc wizards (D:5)
  Robin (D:4)
  7 adders
  A white imp (D:4)
  4 worms
  5 dart slugs
  2 orcs
  2 ball pythons (D:1)
  7 bats
  7 endoplasms
  2 giant cockroaches
  8 hobgoblins
  4 quokkas
  7 frilled lizards
  19 goblins
  4 kobolds
  3 rats
97 creatures vanquished.

Vanquished Creatures (others)
  16 fungi (D:2)
16 creatures vanquished.

Grand Total: 113 creatures vanquished

Notes
Turn   | Place    | Note
-------+----------+-------------------------------------------
     0 | D:1      | Mickster the Troll Berserker began the quest for the Orb.
     0 | D:1      | Reached XP level 1. HP: 22/22 MP: 0/0
   131 | D:1      | Reached XP level 2. HP: 29/29 MP: 1/1
   611 | D:2      | Found a faded altar of an unknown god.
   628 | D:2      | Reached ** piety under Trog
   769 | D:2      | Reached XP level 3. HP: 36/36 MP: 2/2
   773 | D:2      | Reached skill level 3 in Axes
  1070 | D:2      | Gained mutation: You have sharp toenails. [potion of
                  | mutation]
  1741 | D:3      | Reached XP level 4. HP: 44/44 MP: 3/3
  1802 | D:3      | Found a hide-covered altar of Uskayaw.
  2051 | D:4      | Noticed a lemure
  2051 | D:4      | Noticed a lemure
  2052 | D:4      | Noticed Pikel
  2054 | D:4      | Noticed a lemure
  2058 | D:4      | Noticed a lemure
  2067 | D:3      | Killed a lemure
  2187 | D:4      | Killed a lemure
  2188 | D:4      | Killed a lemure
  2189 | D:4      | Killed Pikel
  2190 | D:4      | Reached skill level 5 in Axes
  2190 | D:4      | Reached skill level 1 in Throwing
  2190 | D:4      | Reached XP level 5. HP: 53/53 MP: 1/4
  2190 | D:4      | Reached XP level 6. HP: 61/61 MP: 1/5
  2190 | D:4      | Reached XP level 7. HP: 67/67 MP: 1/6
  2317 | D:4      | Noticed Robin
  2329 | D:4      | Killed Robin
  2642 | D:4      | Found a runed translucent door.
  2643 | D:4      | Noticed Crazy Yiuf
  2651 | D:4      | Killed Crazy Yiuf
  2765 | D:4      | Reached skill level 1 in Staves
  2972 | D:4      | Reached XP level 8. HP: 78/78 MP: 7/7
  3185 | D:5      | Entered Level 5 of the Dungeon
  3185 | D:5      | Found Qevvapt's Magic Scroll Boutique.
  3295 | D:5      | Found Zeruman's Armour Emporium.
  3316 | D:5      | Found a runed translucent gate.
  3317 | D:5      | Found a runed translucent gate.
  3317 | D:5      | Found a runed translucent gate.
  3318 | D:5      | Found an opulent altar of Gozag.
  3322 | D:5      | Noticed gugbubby's ghost (novice TrBe)
  3344 | D:5      | Slain by gugbubby's ghost

Illustrated notes

Levels and vault maps discovered:
D:1:      minmay_arrival_loop, layout_rooms, minivault_23,
          minmay_small_reverse_x
D:2:      wad_pebble_path, layout_basic, nicolae_ecumenical_pavilion,
          minivault_4, dreamdust_mushroom_princess
D:3:      layout_loops_cross, nicolae_uskayaw_murder_on_the_dancefloor,
          serial_shops, nicolae_shop_statue_plus, nicolae_wormholes
D:4:      layout_basic, minmay_goblin_outpost, uniq_crazy_yiuf_cottage,
          uniq_robin, uniq_pikel
D:5:      minmay_polygon_palace, layout_basic, serial_shops, shop,
          nicolae_stop_n_shop_2, nicolae_take_the_stairs, shop,
          ebering_ghost_gozag, grunt_decor_one_mirror

Skill      XL: |  1  2  3  4  5  6  7  8 |
---------------+-------------------------+-----
Axes           | 3 5 |  5.7
Dodging        | 3 4 |  4.0
Fighting       | 3 |  3.7
Throwing       | 1 2 |  2.8
Staves         | 1 2 |  2.4
Stealth        | |  0.8

Action                   |  1- 3 |  4- 6 |  7- 9 || total
-------------------------+-------+-------+-------++-------
Melee: Hand axe          |   144 |    51 |    41 ||   236
       Kick              |    22 |     5 |    23 ||    50
       Punch             |     2 |       |       ||     2
       Quarterstaff      |       |       |    47 ||    47
Throw: Dart              |       |       |     4 ||     4
Invok: Berserk           |     1 |     2 |     5 ||     8
       Trog's Hand       |       |     2 |     4 ||     6
  Use: Scroll            |     9 |     1 |     1 ||    11
       Potion            |     5 |       |     2 ||     7
 Stab: Paralysed         |       |       |     2 ||     2
Armor: Animal skin       |    61 |    26 |    31 ||   118
Dodge: Dodged            |    95 |    40 |    40 ||   175
